Map: Blueshift LE

Players

HellraiseR

  • Race: Protoss Protoss
  • League: Master
  • Spawn Location: 7:00

Bly - Winner!

  • Race: Zerg Zerg
  • League: Master
  • Spawn Location: 1:00

Event: HomeStory Cup XVIII

VOD

Have the link to the VOD?

Description

Time

  • Played on: Nov. 23, 2018, 8:19 a.m.
  • Length: 10:41

All games in this series

Show
View Real Time Build Order
Export as new Build Order

HellraiseR Protoss 

Build Orders:  

Get SALT Encoding   

  12  0:00  Probe  
  13  0:12  Probe  
  14  0:20  Pylon  
  14  0:21  Probe  
  15  0:34  Probe  
  15  0:38  Gateway  
  16  0:45  Probe  
  16  0:48  Assimilator  
  17  0:57  Probe  
  18  1:09  Probe  
  19  1:25  Zealot, Cybernetics Core  
  21  1:27  Probe  
  21  1:31  Pylon  
  22  1:39  Probe  
  23  1:53  Adept  
  25  2:10  Probe, Warp Gate  
  25  2:12  Adept  
  29  2:35  Nexus  
  28  2:38  Probe  
  30  2:52  Assimilator  
  30  2:54  Gateway  
  30  3:04  Gateway  
  29  3:07  Probe  
  30  3:19  Probe  
  31  3:22  Adept  
  29  3:32  Probe  
  28  3:44  Stargate, Probe  
  28  3:45  Probe  
  28  3:46  Adept  
  30  3:53  Probe  
  32  3:56  Probe  
  32  4:01  Probe  
  34  4:08  Probe  
  34  4:09  Pylon  
  36  4:12  Stalker, Probe  
  36  4:13  Adept  
  41  4:20  Probe x2  
  41  4:21  Adept  
  45  4:28  Oracle  
  45  4:30  Probe  
  48  4:32  Probe  
  50  4:39  Adept  
  50  4:43  Pylon, Probe  
  50  4:44  Probe  
  54  4:51  Assimilator  
  54  4:56  Assimilator  
  54  4:59  Stargate  
  54  5:01  Probe x2  
  54  5:05  Phoenix  
  56  5:13  Probe x2  
  58  5:25  Probe x2  
  52  5:28  Phoenix  
  54  5:38  Zealot x3  
  54  5:39  Phoenix  
  62  5:44  Pylon  
  62  5:45  Pylon  
  62  5:53  Protoss Air Weapons Level 1  
  62  6:02  Phoenix  
  64  6:04  Nexus  
  64  6:07  Phoenix, Probe x2  
  67  6:19  Probe  
  67  6:21  Probe  
  67  6:22  Pylon  
  69  6:27  Phoenix  
  69  6:31  Probe  
  72  6:33  Pylon, Probe  
  72  6:36  Phoenix  
  73  6:43  Probe  
  73  6:45  Probe  
  77  6:48  Phoenix  
  79  6:55  Probe  
  79  6:56  Pylon  
  79  6:59  Phoenix  
  79  7:01  Probe  
  82  7:07  Phoenix  
  82  7:08  Pylon  
  82  7:10  Probe  
  82  7:14  Probe  
  86  7:16  Probe  
  86  7:18  Probe  
  86  7:21  Assimilator  
  88  7:24  Phoenix, Probe  
  88  7:26  Probe x2  
  88  7:27  Assimilator  
  92  7:32  Phoenix, Probe  
  92  7:36  Probe  
  94  7:38  Probe  
  96  7:44  Probe  
  96  7:48  Probe  
  96  7:49  Phoenix  
  96  7:50  Fleet Beacon, Probe  
  101  7:53  Forge  
  101  7:58  Zealot  
  103  7:59  Sentry  
  103  8:00  Zealot  
  103  8:02  Probe  
  108  8:07  Pylon  
  108  8:10  Phoenix  
  110  8:15  Pylon  
  110  8:22  Tempest  
  110  8:25  Tempest  
  110  8:32  Photon Cannon  
  110  8:34  Photon Cannon  
  110  8:35  Shield Battery  
  110  8:37  Shield Battery  
  110  8:38  Shield Battery  
  110  8:40  Sentry  
  120  8:54  Photon Cannon  
  120  8:56  Photon Cannon  
  120  8:58  Pylon, Photon Cannon  
  120  8:59  Tempest  
  120  9:00  Tempest  
  125  9:16  Stargate  
  130  9:20  Probe  
  119  9:44  Nexus  
  125  9:47  Pylon  
  125  9:51  Tempest  
  123  10:02  Zealot x3  
  123  10:06  Photon Cannon  
  138  10:08  Shield Battery  
  138  10:09  Photon Cannon  
  138  10:10  Shield Battery  
  138  10:11  Pylon, Shield Battery  
  138  10:13  Photon Cannon  
Show
View Real Time Build Order
Export as new Build Order

Bly Zerg - Winner!

Build Orders: 3 Hatch before Pool 

Get SALT Encoding   

  12  0:01  Drone  
  13  0:12  Overlord  
  13  0:17  Drone  
  14  0:31  Drone x2  
  16  0:50  Hatchery  
  16  0:53  Drone  
  16  1:15  Hatchery  
  16  1:18  Drone  
  16  1:21  Drone  
  16  1:25  Drone  
  18  1:35  Extractor  
  17  1:40  Spawning Pool  
  17  1:41  Evolution Chamber  
  17  1:43  Drone x2  
  19  2:07  Hatchery  
  18  2:12  Drone x2  
  18  2:13  Drone  
  21  2:22  Evolution Chamber  
  21  2:27  Zergling x8  
  21  2:28  Queen  
  27  2:34  Overlord  
  27  2:35  Extractor, Queen  
  29  2:47  Hatchery  
  28  2:51  Metabolic Boost  
  28  2:54  Drone  
  29  3:01  Zergling x4  
  29  3:03  Drone  
  31  3:06  Zergling x4  
  28  3:29  Drone x3  
  28  3:31  Drone x2  
  31  3:40  Queen  
  33  3:42  Drone  
  34  3:53  Overlord  
  34  4:01  Drone x5  
  39  4:05  Drone x2  
  41  4:21  Drone x3  
  44  4:27  Drone x5  
  49  4:31  Lair  
  49  4:32  Overlord  
  49  4:41  Overlord  
  49  4:44  Overlord  
  48  4:54  Zergling x2  
  48  4:59  Queen, Zergling x10  
  57  5:00  Zergling x2  
  57  5:04  Drone x3  
  57  5:05  Drone  
  61  5:14  Spore Crawler x2  
  58  5:16  Drone x3  
  58  5:23  Drone  
  58  5:27  Drone x2  
  59  5:29  Drone  
  57  5:40  Drone x2  
  59  5:49  Drone x3  
  61  5:52  Hydralisk Den  
  61  5:56  Extractor x2  
  58  5:58  Drone x3  
  58  6:01  Zergling x2  
  61  6:16  Hatchery  
  60  6:21  Drone x3, Hydralisk  
  60  6:23  Overlord x3  
  65  6:27  Extractor  
  65  6:28  Extractor  
  63  6:36  Drone  
  63  6:37  Drone x2  
  66  6:42  Hydralisk x5  
  66  6:44  Zergling x4  
  78  6:50  Zergling x2  
  79  6:54  Overlord  
  77  7:06  Drone  
  77  7:07  Drone x9  
  87  7:10  Muscular Augments  
  87  7:11  Extractor  
  86  7:16  Hydralisk  
  86  7:17  Hydralisk  
  86  7:18  Overlord  
  86  7:22  Spore Crawler  
  89  7:25  Queen x3  
  89  7:29  Overseer  
  95  7:37  Hydralisk x7  
  91  7:43  Hydralisk  
  97  7:50  Overlord  
  99  7:52  Hydralisk x2  
  99  7:54  Drone x9  
  112  8:01  Overlord x3  
  112  8:05  Overlord  
  112  8:10  Baneling Nest  
  112  8:11  Evolution Chamber  
  108  8:14  Extractor  
  107  8:22  Grooved Spines  
  107  8:26  Hydralisk x6  
  119  8:32  Spore Crawler  
  118  8:37  Drone x3  
  118  8:38  Zerg Melee Weapons Level 1  
  118  8:40  Hydralisk x3  
  127  8:48  Hydralisk x3  
  127  8:50  Overlord  
  133  8:59  Hydralisk x4  
  133  9:01  Zergling x6  
  133  9:02  Overlord  
  144  9:08  Drone x2  
  144  9:09  Overlord  
  142  9:11  Centrifical Hooks  
  142  9:13  Overlord  
  141  9:24  Zergling x18  
  141  9:27  Overlord  
  150  9:33  Overlord  
  150  9:42  Zergling x16  
  151  9:54  Baneling x18  
  149  10:00  Hydralisk x5  
  149  10:04  Overseer  
  159  10:08  Spire  
  159  10:11  Baneling x8  
Tags
 
Add a new tag
Caveats
  • Supply blocks, unpowered buildings, or Contaminate may cause inaccurate times.
  • Supply counts are checked every 10 seconds.